 Dungeon Crawl Stone Soup version 0.20.1-1-g8b1a95d (webtiles) character file.

285 NoNouf the Charmwright (level 6, 0/36 HPs)
             Began as an Octopode Ice Elementalist on Sept 15, 2017.
             Slain by Duvessa
             ... wielding a +5 short sword of speed
              (2 damage)
             ... on level 4 of the Dungeon.
             The game lasted 00:28:12 (4754 turns).

NoNouf the Charmwright (Octopode Ice Elementalist)  Turns: 4754, Time: 00:28:13

Health: 0/36       AC:  7    Str:  7    XL:     6   Next: 29%
Magic:  3/10       EV: 13    Int: 18    God:
Gold:   36         SH:  0    Dex: 14    Spells: 5/11 levels left

rFire    . . .     SeeInvis +   d - +0 spear
rCold    . . .     Gourm    .   (no shield)
rNeg     . . .     Faith    .   (helmet restricted)
rPois    .         Spirit   .   (no amulet)
rElec    .         Reflect  .   n - ring of see invisible
rCorr    .         Harm     .   t - ring of protection from magic
MR       +....                  (no ring)
Stlth    +++.......             (no ring)
Regen    0.2/turn               (no ring)
MPRegen  0.2/turn               (no ring)
                                (no ring)
                                (no ring)

@: icy armour, about to teleport, very slightly contaminated, slow
A: almost no armour, stealthy swim, amphibious, 8 rings, constrict 8, camouflage
1, gelatinous body 1
a: no special abilities


You were on level 4 of the Dungeon.
You were hungry.

You visited 1 branch of the dungeon, and saw 5 of its levels.

You collected 135 gold pieces.
You spent 99 gold pieces at shops.

Inventory:

Hand Weapons
 d - a +0 spear (weapon)
Missiles
 f - 96 stones (quivered)
Jewellery
 n - a ring of see invisible (left tentacle)
 s - an uncursed amulet of faith {unknown}
 t - a ring of protection from magic (right tentacle)
Wands
 q - a wand of flame (14/48)
 v - a wand of iceblast (5/15)
Scrolls
 e - 4 scrolls of enchant armour
 i - a scroll of teleportation
 r - 3 scrolls of enchant weapon
 w - a scroll of blinking
Potions
 c - a potion of mutation {unknown}
 h - a potion of brilliance
 j - a potion of agility {unknown}
 k - 2 potions of haste
 l - a potion of degeneration {unknown}
 m - a potion of might {unknown}
 o - a potion of lignification {unknown}
 p - a potion of flight {unknown}
 x - a potion of curing {unknown}
Books
 a - a book of Frost

   Spells                             Type                      Level
   a - Freeze                         Ice                          1
   b - Throw Frost                    Conjuration/Ice              2
   c - Ozocubu's Armour               Charms/Ice                   3
   d - Throw Icicle                   Conjuration/Ice              4
   e - Summon Ice Beast               Ice/Summoning                4
Comestibles
 b - 3 bread rations
 g - 3 meat rations
 u - 2 royal jellies
 z - 2 fruits
 A - a chunk of flesh


   Skills:
 - Level 2.1 Dodging
 - Level 2.6 Stealth
 - Level 0.2 Unarmed Combat
 - Level 3.0 Spellcasting
 - Level 1.0 Conjurations
 + Level 4.9 Charms
 + Level 3.6 Ice Magic


You had 5 spell levels left.
You knew the following spells:

 Your Spells              Type           Power        Failure   Level  Hunger
a - Freeze                Ice            ###.         3%          1    None
b - Throw Frost           Conj/Ice       ##....       10%         2    ##.....
c - Ozocubu's Armour      Chrm/Ice       ###.....     9%          3    ###....


Dungeon Overview and Level Annotations

Branches:
Dungeon (5/15)
 Temple: D:4-7

Altars:

Shops:
D:4 }

Annotations:
D:4 Dowan, Duvessa


Innate Abilities, Weirdness & Mutations

You cannot wear most types of armour.
You are very stealthy in the water. (Stealth+)
You are amphibious.
You can wear up to eight rings at the same time.
You can use your tentacles to constrict eight enemies at once.
Your skin changes colour to match your surroundings (Stealth+).
Your rubbery body absorbs attacks. (AC +1, EV +1)


Message History

Duvessa hits you with a short sword of speed.
Duvessa hits you with a short sword of speed!
Casting: Freeze
Confirm with . or Enter, or press ? or * to list all spells.
Aiming: Freeze
Press: ? - help, Shift-Dir - straight line, f/p - Duvessa
Aim: Duvessa, wielding a short sword of speed and wearing a runed leather armour (moderately wounded)
Okay, then.
There is a stone staircase leading up here.
Duvessa hits you but does no damage. Dowan casts a spell at you.
The puff of frost hits you!
* * * LOW HITPOINT WARNING * * *
You climb upwards.
There is a stone staircase leading down here.
Unknown command.
As you read the scroll of teleportation, it crumbles to dust.
You feel strangely unstable.
Duvessa hits you with a short sword of speed.
You die...

.......^..........####.#.........
..................# #.#.........
..................####.#.........
..................#..............
..................#.##.##....<...
###........#.##........###....(##
#........#.....###......######
#........#..#e.##..#.##.#
#........#...e@##.##....#
########......####.....####
#<............## #####....# ##
#.............'# #######.# #.
#.............## #.......# #.
#....)........#####.####### #.
#.............'..##.# #.
#.............##.##.# ##
#.............##.##.#


You could see Duvessa and Dowan.

Vanquished Creatures
  An iguana (D:4)
  3 worker ants (D:4)
  3 gnolls (D:3)
  5 adders
  An ooze (D:4)
  An adder skeleton (D:4)
  3 worms
  A dart slug (D:3)
  5 leopard geckos
  7 orcs
  A giant cockroach (D:2)
  6 goblins
  7 hobgoblins
  10 jackals
  3 quokkas
  2 ball pythons
  8 bats
  3 frilled lizards (D:1)
  10 kobolds
  10 rats
90 creatures vanquished.

Notes
Turn   | Place    | Note
-------+----------+-------------------------------------------
     0 | D:1      | NoNouf the Octopode Ice Elementalist began the quest for the Orb.
     0 | D:1      | Reached XP level 1. HP: 11/11 MP: 3/3
   336 | D:1      | Reached XP level 2. HP: 17/17 MP: 5/5
   375 | D:1      | Learned a level 2 spell: Throw Frost
  1092 | D:2      | Reached XP level 3. HP: 21/21 MP: 7/7
  1182 | D:2      | Learned a level 3 spell: Ozocubu's Armour
  1449 | D:2      | Reached skill level 1 in Charms
  1740 | D:2      | Reached XP level 4. HP: 27/27 MP: 1/8
  1861 | D:2      | Reached skill level 2 in Charms
  2599 | D:3      | Reached skill level 3 in Charms
  2888 | D:3      | Reached XP level 5. HP: 28/31 MP: 4/9
  3523 | D:3      | Reached skill level 4 in Charms
  3939 | D:4      | Found Xuyqixes's Gadget Emporium.
  3948 | D:4      | Reached XP level 6. HP: 36/36 MP: 10/10
  4007 | D:4      | Bought a wand of iceblast (5/15) for 99 gold pieces
  4734 | D:5      | Entered Level 5 of the Dungeon
  4739 | D:5      | Noticed Duvessa
  4739 | D:5      | Noticed Dowan
  4752 | D:5      | HP: 1/36 [Dowan/puff of frost (11)]
  4754 | D:4      | Slain by Duvessa

Skill      XL: |  1  2  3  4  5 |
---------------+----------------+-----
Spellcasting   | 3 |  3.0
Charms         | 1 3 4 |  4.9
Dodging        | |  2.1
Stealth        | |  2.6
Unarmed Combat | |  0.2
Conjurations   | |  1.0
Ice Magic      | |  3.6

Action                   |  1- 3 |  4- 6 || total
-------------------------+-------+-------++-------
Melee: Spear             |   105 |   138 ||   243
       Unarmed           |     8 |       ||     8
       Constrict         |    23 |    22 ||    45
       Tentacles         |     6 |    25 ||    31
Throw: Stone             |    12 |     4 ||    16
 Cast: Freeze            |     4 |     3 ||     7
       Throw Frost       |    12 |    36 ||    48
       Ozocubu's Armour  |     1 |     7 ||     8
  Use: Scroll            |     3 |    10 ||    13
       Potion            |       |     1 ||     1
 Stab: Sleeping          |    12 |     5 ||    17
       Distracted        |       |     1 ||     1
  Eat: Chunk             |     4 |    11 ||    15
Armor: Skin              |    10 |    16 ||    26
Dodge: Dodged            |    52 |    73 ||   125
